 Dungeon Crawl Stone Soup version bcrawl-1.40.2 (webtiles) character file.

Game seed: 664474353430731197

9420834 Mehrunes the Sorcerer (level 19, -13/180 HPs)
             Began as a Djinni Conjurer on Nov 15, 2023.
             Was the Champion of Vehumet.
             Shot with a bolt by a yaktaur captain (39 damage)
             ... on level 1 of the Depths.
             The game lasted 02:16:02 (42532 turns).

Mehrunes the Sorcerer (Djinni Conjurer)            Turns: 42532, Time: 02:16:02

Health: -13/180    AC: 12    Str: 10    XL:     19   Next: 31%
Magic:  16/65      EV: 17    Int: 37    God:    Vehumet [******]
Gold:   2446       SH:  4    Dex: 11    Spells: 3/60 levels left

rFire    + + .     GDR:     30% U - staff of power
rCold    + . .     SeeInvis +   (no shield)
rNeg     + . .     Gourm    .   K - +0 troll leather armour
rPois    .         Faith    .   j - +2 helmet {Int+3}
rElec    +         Spirit   .   A - scarf {rC+ rF+}
rCorr    .         Reflect  +   V - +2 pair of gloves
MR       +....     Rnd*Rage +   (boots unavailable)
Stlth    ++........             T - amulet "Lilos" {Reflect rElec Str-3 Int+3 SH+4 SInv}
HPRegen  0.80/turn              J - +7 ring of intelligence
MPRegen  0.39/turn              L - ring of positive energy

@: flying, very slightly contaminated, studying 2 skills, invisible
A: never pass out, berserk 2, blink, blurry vision 2, fire resistance 1, hurl
hellfire, high mp 2, wild magic 3, disrupted magic 1, MP-powered wands, floating
}: 2/15 runes: barnacled, gossamer
a: Hurl Hellfire, Blink, Renounce Religion


You were on level 1 of the Depths.
You worshipped Vehumet.
Vehumet was exalted by your worship.
You were not hungry.

You visited 8 branches of the dungeon, and saw 30 of its levels.
You also visited: Ice Cave.

You collected 3931 gold pieces.
You spent 1485 gold pieces at shops.

Inventory:

Hand Weapons
 s - the +4 war axe "Doufuh" {freeze, *Noise Int+7 Dex+4}
   (You found it on level 4 of the Dungeon)

   It has been specially enchanted to freeze those struck by it, increasing
   damage dealt by approximately one third against foes not resistant or
   susceptible to cold, and potentially slowing cold-blooded foes.
   It affects your intelligence (+7).
   It affects your dexterity (+4).
   It may make noises in combat.
Missiles
 h - 6 throwing nets {=f}
Armour
 j - a +2 helmet of intelligence (worn)
 A - a scarf of resistance (worn)
 K - a +0 troll leather armour (worn)
 O - a +2 robe of magic resistance
 V - a +2 pair of gloves (worn)
 W - a +0 cloak
Magical Staves
 M - an uncursed staff of conjuration
 U - an uncursed staff of power (weapon)
Jewellery
 k - an uncursed ring of protection from fire
 l - an uncursed ring of poison resistance
 z - a +4 ring of evasion
 C - an uncursed ring of wizardry
 F - an uncursed ring of ice
 J - a +7 ring of intelligence (left hand)
 L - a ring of positive energy (right hand)
 Q - the ring "Joven" {Ice rElec MR- Stlth+}
   (You took it off a deep elf death mage on level 3 of the Elven Halls)

   [ring of ice]

   It enhances your ice magic.
   It makes you vulnerable to fire.
   It protects you from cold.
   It insulates you from electricity.
   It affects your resistance to hostile enchantments.
   It makes you more stealthy.
 R - an uncursed ring of magical power
 T - the amulet "Lilos" (around neck) {Reflect rElec Str-3 Int+3 SH+4 SInv}
   (You acquired it in the Orcish Mines)

   [amulet of reflection]

   It shields you and reflects attacks.
   It affects your strength (-3).
   It affects your intelligence (+3).
   It insulates you from electricity.
   It lets you see invisible.
   It affects your SH (+4).
 X - the cursed ring of Prescription {*Contam rF- Str+6 SInv Stlth--}
   (You took it off a deep elf blademaster on level 3 of the Elven Halls)

   [ring of attention]

   It affects your strength (+6).
   It makes you vulnerable to fire.
   It lets you see invisible.
   It causes magical contamination when unequipped.
   It makes you much less stealthy.
   It has a curse placed upon it.
 Y - the ring "Oseokles" {rF+ Str+4 SInv Stlth--}
   (You found it on level 1 of the Lair of Beasts)

   [ring of attention]

   It affects your strength (+4).
   It protects you from fire.
   It lets you see invisible.
   It makes you much less stealthy.
 Z - a +6 ring of dexterity
Wands
 x - a wand of charming (10)
 y - a wand of acid (3)
 P - a wand of iceblast (35)
 S - a wand of digging (15)
Scrolls
 a - 2 scrolls of immolation
 c - 5 scrolls of blinking
 g - 3 scrolls of enchant armour
 n - 13 scrolls of remove curse
 o - 2 scrolls of amnesia
 r - 16 scrolls of teleportation
 w - 6 scrolls of enchant weapon
 I - 3 scrolls of fear
Potions
 d - 2 potions of agility
 f - 3 potions of lignification
 m - 5 potions of might
 q - 3 potions of flight
 t - 2 potions of berserk rage
 u - 3 potions of haste
 B - 9 potions of brilliance
 E - 2 potions of curing
 G - a potion of cancellation
 H - 4 potions of mutation
Miscellaneous
 v - a lamp of fire
 D - 4 phantom mirrors
Comestibles
 e - 63 rations {!d}
 N - 17 chunks of flesh


   Skills:
 + Level 18.3 Fighting
 - Level 8.0 Armour
 + Level 13.3 Dodging
 - Level 2.3 Stealth
 + Level 21.2 Spellcasting
 + Level 14.4 Conjurations
 - Level 4.0 Transmutations
 - Level 4.2 Fire Magic
 + Level 14.5 Air Magic
 - Level 4.0 Earth Magic
 - Level 8.0 Poison Magic


You had 3 spell levels left.
You knew the following spells:

 Your Spells              Type           Power        Failure   Level  Hunger
a - Poison Arrow          Conj/Pois      ########..   3%          6    None
b - Searing Ray           Conj           ########     1%          2    None
c - Chain Lightning       Conj/Air       ########..   14%         8    ###....
d - Irradiate             Conj/Tmut      ########..   2%          5    None
e - Conjure Ball Lightni  Conj/Air       ########..   1%          6    None
f - Iron Shot             Conj/Erth      ########..   5%          6    None
g - Orb of Destruction    Conj           ########..   4%          7    None
h - Olgreb's Toxic Radia  Pois           ########.    6%          4    None
i - Ignite Poison         Fire/Tmut/Pois ########     1%          3    None
j - Bolt of Fire          Conj/Fire      ########..   5%          6    None
k - Magic Dart            Conj           ####         1%          1    None
l - Iskenderun's Mystic   Conj           ########     1%          3    None

Your spell library contained the following spells:

 Spells                   Type           Power        Failure   Level  Hunger
 Glaciate                 Conj/Ice/Air   ########..   52%         8    ###....
 Lehudib's Crystal Spear  Conj/Erth      ########..   56%         8    ###....
 Tornado                  Tloc/Air       ########..   77%         8    ###....
 Flame Tongue             Conj/Fire      #####        1%          1    None
 Static Discharge         Air            ######       1%          1    None
 Sting                    Conj/Pois      ####         1%          1    None
 Poisonous Vapours        Pois/Air       ######       1%          2    None
 Conjure Flame            Conj/Fire      ########     1%          3    None
 Stone Arrow              Conj/Erth      ######       1%          3    None
 Swiftness                Chrm/Air       ########     3%          2    None
 Inner Flame              Hex/Fire       N/A          3%          3    None
 Dazzling Orbs            Conj/Hex       #######      4%          3    None
 Beastly Appendage        Tmut           ######       5%          1    None
 Spider Form              Tmut/Pois      ###          5%          3    None
 Passwall                 Tmut/Erth      #######.     6%          2    None
 Sticks to Snakes         Tmut           #######.     6%          2    None
 Flaming Arrows           Chrm/Fire      #######.     8%          2    None
 Infusion                 Chrm           ######..     10%         1    None
 Slow                     Hex            ######..     10%         1    None
 Summon Butterflies       Summ           ######..     10%         1    None
 Summon Small Mammal      Summ           ####         10%         1    None
 Corpse Rot               Necr           N/A          12%         2    None
 Ensorcelled Hibernation  Hex/Ice        ######       12%         2    None
 Song of Slaying          Chrm           ######..     12%         2    None
 Call Canine Familiar     Summ           ######..     17%         3    None
 Confuse                  Hex            ######..     17%         3    None
 Ozocubu's Armour         Chrm/Ice       ######..     17%         3    None
 Regeneration             Chrm/Necr      ######....   17%         3    None
 Spectral Weapon          Hex/Chrm       ######..     17%         3    None
 Tukima's Dance           Hex            ######..     17%         3    None
 Airstrike                Air            ########..   1%          4    None
 Fulminant Prism          Conj/Hex       ########..   1%          4    None
 Lightning Bolt           Conj/Air       ########     1%          4    None
 Sticky Flame             Conj/Fire      ########     1%          4    None
 Venom Bolt               Conj/Pois      ########..   1%          5    None
 Fireball                 Conj/Fire      ########..   2%          5    None
 Yara's Violent Unravell  Hex/Tmut       #######...   5%          4    None
 Lee's Rapid Deconstruct  Erth           #######...   7%          5    None
 Silence                  Hex/Air        ########..   12%         5    None
 Summon Lightning Spire   Summ/Air       ########     12%         5    None
 Petrify                  Tmut/Erth      #######...   13%         4    None
 Summon Scorpions         Summ/Pois      #######.     13%         4    None
 Ice Form                 Ice/Tmut       #######.     21%         4    None
 Tree Form                Hex/Tmut       N/A          21%         4    None
 Blade Hands              Tmut           #######...   24%         5    None
 Deflect Missiles         Chrm/Air       ########..   30%         6    None
 Cause Fear               Hex            ######....   34%         4    None
 Summon Ice Beast         Ice/Summ       ######..     34%         4    None
 Summon Forest            Summ/Tloc      ######....   58%         5    None
 Summon Mana Viper        Hex/Summ       ######..     58%         5    None
 Spellforged Servitor     Conj/Summ      ########..   71%         7    None
 Scorpion Form            Tmut/Pois      ########..   85%         7    None
 Summon Hydra             Summ           ######....   96%         6    None
 Blight                   Necr/Pois      #######..    97%         7    None
 Haunt                    Necr/Summ      ######....   100%        7    None
 Malign Gateway           Summ/Tloc      ######....   100%        7    None
 Monstrous Menagerie      Summ           ######....   100%        7    None
 Summon Greater Demon     Summ           ######....   100%        7    None
 Summon Horrible Things   Summ           ######....   100%        8    ###....
 Shatter                  Erth           #######...   100%        9    #####..


Dungeon Overview and Level Annotations

Branches:
Dungeon (12/12)            Temple (1/1) D:4            Lair (6/6) D:7
 Shoals (3/3) Lair:3       Spider (3/3) Lair:2        Slime (0/5) Orc
    Orc (1/1) D:10            Elf (3/3) Lair:5       Vaults (0/3) D:11
 Depths (1/5) D:12

Altars:
Ashenzari
Cheibriados
Dithmenos
Elyvilon
Fedhas
Gozag
Hepliaklqana
Kikubaaqudgha
Lugonu
Makhleb
Nemelex Xobeh
Okawaru
Qazlal
Ru
Sif Muna
Trog
Uskayaw
Vehumet
Wu Jian
Xom
Yredelemnul
Zin
The Shining One
Jiyva

Shops:
D:4 %   D:9 }   D:12 [   Orc *}=?(   Elf:3 (   Shoals:1 :?(   Shoals:3 %

Portals:
Pandemonium: Depths:1
Trove: D:11 (give +6 plate armour)

Annotations:
D:9 2 transporters, Cris's ghost, novice OgTm
Lair:2 exclusion: oklob plant
Shoals:2 2 transporters, finalsalamander's ghost, adept HOMo
Elf:2 3 runed doors


Innate Abilities, Weirdness & Mutations

You never pass out after going berserk.
You often lose your temper in combat.
You can translocate small distances at will.
Scrolls take you longer to read.
Your flesh is heat resistant. (rF+)
You can hurl hellfire.
You have a considerably increased reservoir of magic. (+20% MP)
Your spells are much harder to cast, but much more powerful.
Your casting is slightly disrupted.
You expend magic power (3 MP) to strengthen your wands.
Your body floats in the air.


Message History

* * * LOW HITPOINT WARNING * * *
The deep troll shaman calls upon its god to speed up the deep troll shaman.
The deep troll shaman seems to speed up.
The deep troll shaman calls upon its god to strengthen the deep troll shaman.
The deep troll shaman seems to grow stronger.
The yaktaur captain shoots a bolt.
The bolt hits the deep troll earth mage!!
The deep troll earth mage gestures at the rock wall while chanting.
The wall shatters!
The blast of rock fragments hits the deep troll earth mage!!!
The deep troll earth mage dies!
The troll leather armour is intact enough to wear.
Casting: Chain Lightning (very dangerous; 14% risk of failure)
Confirm with . or Enter, or press ? or * to list all spells.
The spell is very dangerous to cast (14% risk of failure)!
Continue anyway?
You miscast Chain Lightning.
You hear a whooshing sound.
The yaktaur shoots a bolt.
The bolt completely misses you.
The yaktaur captain shoots a bolt.
The bolt hits you!!!
You die...

#...#..##..#...#....##?>....
#......##(≈..###....#.......
#.....##..≈.## ##.≈.)......≈
#####...###....#####.≈≈.≈.....≈
#...##.........##......)÷.....≈
#...(..≈...≈....#..≈≈≈≈≈..)....
##..<..≈≈≈≈≈≈...##....≈≈≈÷÷#.###
##......≈≈≈≈≈≈≈≈.......≈≈≈..#...
#...............@......≈≈≈..###.#
#..........?≈≈≈≈...(...≈≈≈.......
###.........≈≈...[.§≈..§≈≈..###.#
##........≈≈...#.≈≈§§§§≈..# #
#.......).......c≈≈§§....#.##
#.........≈.....TcT≈§§§.......
#.........≈≈......))§§..†.....
#.........≈.......c§T§|.......
#.............#....TT§........


You could see a yaktaur captain, a deep troll, 2 deep troll shamans and 2
yaktaurs.

Vanquished Creatures
  Bai Suzhen (Spider:3)
  Arachne (Spider:3)
  Gastronok (Lair:2)
  A rockslime (Depths:1)
  A lich (Depths:1)
  2 deep elf blademasters (Elf:3)
  A deep elf master archer (Elf:3)
  2 krakens
  A tengu reaver (Depths:1)
  Donald (Orc)
  A frost giant (Depths:1)
  A fire giant (Depths:1)
  5 ghost moths (Spider:3)
  8 deep elf sorcerers
  6 emperor scorpions
  2 very ugly things (Depths:1)
  3 stone giants (Depths:1)
  2 deep elf elementalists (Elf:3)
  2 deep elf demonologists (Elf:3)
  A spark wasp (Spider:3)
  8 deep elf annihilators
  2 entropy weavers (Spider:2)
  A dire elephant (Lair:5)
  2 merfolk javelineers (Shoals:3)
  An ettin (Depths:1)
  5 deep elf death magi (Elf:3)
  4 merfolk impalers (Shoals:3)
  4 deep elf high priests (Elf:3)
  2 fire dragons
  Harold (Lair:3)
  Erica (Orc)
  A vault guard (D:11)
  An ogre mage (D:8)
  6 merfolk avatars
  An ice dragon (Shoals:1)
  6 hydras
  A rakshasa (Depths:1)
  A death knight (D:11)
  A great orb of eyes (Depths:1)
  4 merfolk aquamancers
  2 alligator snapping turtles (Shoals:3)
  5 catoblepae
  4 two-headed ogres
  10 dancing weapons
  A satyr (Shoals:3)
  10 death yaks
  8 deep elf knights
  7 sea snakes
  Nergalle (D:9)
  A deep troll (Depths:1)
  2 skeletal warriors (D:11)
  A deep troll (shapeshifter) (D:11)
  6 centaur warriors
  A glowing orange brain (Depths:1)
  An unseen horror (D:11)
  2 orange crystal statues
  A phantasmal warrior (D:11)
  16 deep elf archers
  A wizard (Depths:1)
  An obsidian statue (Lair:1)
  2 cyclopes (Shoals:3)
  7 harpies
  2 necromancers
  A faun (shapeshifter) (D:11)
  5 orc knights
  15 wolf spiders
  A harpy (shapeshifter) (D:11)
  3 naga magi (D:12)
  9 ugly things
  14 orb spiders
  2 orc sorcerers
  45 deep elf magi
  3 fauns (Shoals:3)
  An oklob plant (Lair:5)
  7 manticores
  11 merfolk sirens
  2 moths of wrath (Spider:3)
  14 elephants
  3 black mambas
  3 torpor snails
  2 gargoyles (D:11)
  6 water nymphs
  3 ice statues (IceCv)
  11 cane toads
  9 demonic crawlers
  10 komodo dragons
  26 jumping spiders
  3 rime drakes
  4 yaktaurs (Depths:1)
  An efreet (D:12)
  3 eyes of draining
  A queen bee (D:11)
  6 harpy skeletons (D:12)
  7 wind drakes
  A tengu conjurer (Elf:1)
  Prince Ribbit (D:9)
  3 meliai (Spider:1)
  14 merfolk
  7 trolls
  A meliai zombie (D:12)
  27 blink frogs
  A slime creature (D:6)
  7 hornets
  11 dream sheep
  9 snapping turtles
  16 hippogriffs
  15 water elementals
  A spriggan (Lair:5)
  2 wraiths (D:11)
  6 air elementals
  3 fire elementals
  47 yaks
  A vampire (D:12)
  4 basilisks
  2 wyverns
  24 tarantellas
  A steam dragon (Lair:3)
  45 redbacks
  A warg (shapeshifter) (Depths:1)
  11 crocodiles
  10 water moccasins
  15 porcupines
  25 orc warriors
  A cane toad skeleton (D:10)
  11 ice beasts
  4 sky beasts
  A black bear (D:8)
  9 ogres
  3 phantoms
  7 wolves
  15 bullfrogs
  3 kobold brigands
  3 earth elementals
  21 centaurs
  4 scorpions
  33 killer bees
  3 howler monkeys
  3 wights (D:10)
  3 electric eels
  5 orc priests
  3 crimson imps
  5 hounds
  2 bullfrog zombies
  3 jellies
  2 quasits
  2 bullfrog skeletons
  3 iguanas
  10 orc wizards
  Natasha (thrice) (D:4)
  9 worker ants
  A porcupine skeleton (D:10)
  2 hound skeletons
  A mummy (D:6)
  A howler monkey skeleton (D:9)
  A worker ant zombie (D:9)
  4 gnolls
  13 adders
  2 shadow imps
  An ooze (D:1)
  An adder skeleton (D:4)
  3 adder zombies
  2 worms
  4 dart slugs
  6 leopard geckos
  86 orcs
  A ball python (D:5)
  4 bats
  A giant cockroach (D:4)
  4 goblins
  4 hobgoblins
  6 jackals
  3 quokkas
  4 frilled lizards
  16 kobolds
  4 rats
  A spectral goblin (D:8)
  A bush (Shoals:1)
  3 fungi
  6 plants
  A tentacle (Shoals:3)
1088 creatures vanquished.

Vanquished Creatures (others)
  A deep troll earth mage (Depths:1)
  116 ball lightnings
  A bush (Shoals:1)
  14 fulminant prisms
  40 fungi
  29 plants
  7 tentacles
208 creatures vanquished.

Grand Total: 1296 creatures vanquished

Notes
Turn   | Place    | Note
-------+----------+-------------------------------------------
     0 | D:1      | Mehrunes the Djinni Conjurer began the quest for the Orb.
     0 | D:1      | Reached XP level 1. HP: 14/14 MP: 4/4
   142 | D:1      | Reached XP level 2. HP: 22/22 MP: 1/6
   740 | D:1      | Reached skill level 1 in Fighting
  1018 | D:2      | Learned a level 2 spell: Searing Ray
  1032 | D:2      | Reached XP level 3. HP: 28/28 MP: 4/7
  1333 | D:2      | Learned a level 3 spell: Iskenderun's Mystic Blast
  1897 | D:3      | Noticed a scorpion
  1901 | D:3      | Killed a scorpion
  1902 | D:3      | Reached skill level 4 in Spellcasting
  1902 | D:3      | Gained mutation: Your spells are harder to cast, but more
                  | powerful. [Djinni growth]
  1902 | D:3      | Gained mutation: You can translocate small distances at
                  | will. [Djinni growth]
  1902 | D:3      | Reached XP level 4. HP: 23/36 MP: 2/10
  2351 | D:3      | Reached skill level 5 in Conjurations
  2429 | D:3      | Reached XP level 5. HP: 41/41 MP: 8/11
  2738 | D:4      | Learned a level 5 spell: Irradiate
  3110 | D:4      | Found a blossoming altar of Fedhas.
  3110 | D:4      | Found an iron altar of Okawaru.
  3110 | D:4      | Found a radiant altar of Vehumet.
  3136 | D:4      | Reached skill level 1 in Transmutations
  3136 | D:4      | Reached XP level 6. HP: 47/50 MP: 6/12
  3493 | D:4      | Found Numuineu's Food Boutique.
  3554 | D:4      | Reached skill level 5 in Spellcasting
  3586 | D:4      | Noticed an ice beast
  3594 | D:4      | Killed an ice beast
  3627 | D:4      | Reached XP level 7. HP: 57/57 MP: 10/14
  3745 | D:4      | Found a staircase to the Ecumenical Temple.
  3767 | Temple   | Entered the Ecumenical Temple
  3937 | D:4      | Became a worshipper of Vehumet
  4262 | D:4      | Noticed Natasha
  4266 | D:4      | Killed Natasha
  4489 | D:4      | Found a burning altar of Makhleb.
  4593 | D:4      | Found an ornate altar of the Wu Jian Council.
  4641 | D:4      | Got an ichor-stained war axe
  4672 | D:4      | Noticed Natasha
  4674 | D:4      | Killed Natasha
  4749 | D:4      | Found a blossoming altar of Fedhas.
  4750 | D:4      | Found a radiant altar of Vehumet.
  4750 | D:4      | Found an iron altar of Okawaru.
  4830 | D:4      | Found a burning altar of Makhleb.
  4890 | D:4      | Noticed Natasha
  4894 | D:4      | Killed Natasha
  5028 | D:4      | Found a staircase to the Ecumenical Temple.
  5154 | D:4      | Found Numuineu's Food Boutique.
  5449 | D:5      | Entered Level 5 of the Dungeon
  5677 | D:4      | HP: 1/59 [ogre/+0 giant club (11)]
  5858 | D:4      | Reached skill level 6 in Spellcasting
  6129 | D:5      | Gained mutation: Your spells are much harder to cast, but
                  | much more powerful. [Djinni growth]
  6129 | D:5      | Reached XP level 8. HP: 52/66 MP: 11/17
  6339 | D:5      | Found an opulent altar of Gozag.
  6564 | D:6      | Noticed a slime creature
  6579 | D:6      | Killed a slime creature
  6579 | D:6      | Reached * piety under Vehumet
  6579 | D:6      | Offered knowledge of Freeze by Vehumet.
  6817 | D:6      | Found a snail-covered altar of Cheibriados.
  7028 | D:6      | Reached skill level 5 in Dodging
  7281 | D:6      | Reached skill level 5 in Fighting
  7281 | D:6      | Reached skill level 7 in Spellcasting
  7852 | D:7      | Noticed a hippogriff
  8181 | D:7      | Reached XP level 9. HP: 75/75 MP: 11/20
  8362 | D:7      | Reached skill level 8 in Spellcasting
  8457 | D:7      | Noticed an eye of draining
  8711 | D:6      | Killed an eye of draining
  9272 | D:7      | Noticed a death yak
  9273 | D:7      | Noticed a death yak
  9275 | D:7      | Noticed a death yak
  9280 | D:7      | Reached skill level 9 in Spellcasting
  9479 | D:6      | Killed a death yak
  9480 | D:6      | Reached XP level 10. HP: 86/86 MP: 7/23
  9627 | D:7      | Killed a death yak
  9731 | D:6      | Found a snail-covered altar of Cheibriados.
  9811 | D:7      | Killed a death yak
  9812 | D:7      | Reached skill level 10 in Spellcasting
  9820 | D:7      | Offered knowledge of Sandblast by Vehumet.
 10146 | D:7      | Found a staircase to the Lair.
 10362 | D:8      | Reached ** piety under Vehumet
 10408 | D:8      | Found an ancient bone altar of Kikubaaqudgha.
 10628 | D:8      | Got a glittering platinum amulet
 10630 | D:8      | Identified the cursed amulet of the Death Scarab {Inacc
                  | rPois} (You found it on level 8 of the Dungeon)
 10842 | D:8      | Noticed an ogre mage
 10846 | D:8      | Killed an ogre mage
 10847 | D:8      | Reached skill level 11 in Spellcasting
 10847 | D:8      | Reached skill level 10 in Conjurations
 10953 | D:8      | Noticed a manticore
 10967 | D:8      | Killed a manticore
 10968 | D:8      | Reached XP level 11. HP: 97/97 MP: 16/26
 11028 | D:8      | Offered knowledge of Inner Flame by Vehumet.
 11482 | D:8      | Found a hazy altar of Hepliaklqana.
 11755 | D:9      | Noticed Nergalle
 11763 | D:9      | Killed Nergalle
 11927 | D:9      | Noticed an orc warlord
 11927 | D:9      | Noticed Cris's ghost (novice OgTm)
 11935 | D:9      | Noticed an orc knight
 11956 | D:9      | Found a transporter.
 11965 | D:9      | Reached *** piety under Vehumet
 12058 | D:9      | Found a transporter.
 12097 | D:9      | Noticed a two-headed ogre
 12100 | D:9      | Killed a two-headed ogre
 12101 | D:9      | Reached skill level 12 in Spellcasting
 12204 | Lair:1   | Entered Level 1 of the Lair of Beasts
 12221 | Lair:1   | Reached skill level 10 in Fighting
 12260 | Lair:1   | Offered knowledge of Yara's Violent Unravelling by Vehumet.
 12647 | Lair:1   | Reached skill level 13 in Spellcasting
 13028 | Lair:1   | Learned a level 6 spell: Conjure Ball Lightning
 13295 | Lair:1   | Reached skill level 1 in Air Magic
 13418 | Lair:1   | Noticed an obsidian statue
 13663 | Lair:2   | Gained mutation: Your casting is slightly disrupted.
                  | [Djinni growth]
 13663 | Lair:2   | Gained mutation: Your flesh is heat resistant. (rF+)
                  | [Djinni growth]
 13663 | Lair:2   | Gained mutation: You have an increased reservoir of magic.
                  | (+10% MP) [Djinni growth]
 13663 | Lair:2   | Gained mutation: You have a considerably increased
                  | reservoir of magic. (+20% MP) [Djinni growth]
 13663 | Lair:2   | Reached XP level 12. HP: 110/110 MP: 20/35
 13756 | Lair:2   | Noticed Gastronok
 13813 | Lair:2   | Reached **** piety under Vehumet
 14010 | Lair:2   | Offered knowledge of Bolt of Draining by Vehumet.
 14236 | Lair:2   | Noticed a five-headed hydra
 14353 | Lair:2   | Reached skill level 14 in Spellcasting
 14528 | Lair:2   | Killed a five-headed hydra
 14754 | Lair:2   | Killed Gastronok
 15237 | Lair:3   | Found a staircase to the Shoals.
 15453 | Lair:3   | Reached XP level 13. HP: 119/119 MP: 32/38
 15678 | Lair:3   | Noticed Harold
 15687 | Lair:3   | Killed Harold
 16087 | Lair:4   | Reached skill level 10 in Dodging
 16087 | Lair:4   | Reached skill level 15 in Spellcasting
 16340 | Lair:4   | Reached ***** piety under Vehumet
 16340 | Lair:4   | Offered knowledge of Poison Arrow by Vehumet.
 16349 | Lair:4   | Learned a level 6 spell: Poison Arrow
 16772 | Lair:5   | Reached skill level 1 in Poison Magic
 16812 | Lair:5   | Found a staircase to the Elven Halls.
 17077 | Lair:5   | Found a frozen archway.
 17086 | IceCv    | Entered an ice cave
 17222 | IceCv    | Learned a level 4 spell: Fulminant Prism
 17483 | Lair:5   | Learned a level 4 spell: Olgreb's Toxic Radiance
 17487 | Lair:5   | Learned a level 3 spell: Ignite Poison
 18430 | Lair:5   | Noticed a dire elephant
 18479 | Lair:5   | Killed a dire elephant
 18502 | Lair:5   | Reached XP level 14. HP: 129/129 MP: 28/40
 18696 | Lair:6   | Entered Level 6 of the Lair of Beasts
 18761 | Lair:6   | Reached skill level 16 in Spellcasting
 18802 | Lair:6   | Offered knowledge of Iskenderun's Battlesphere by Vehumet.
 20254 | Lair:6   | Reached skill level 5 in Poison Magic
 21185 | D:9      | Noticed Prince Ribbit
 21188 | D:9      | Killed Prince Ribbit
 21511 | D:9      | Found Dadweus's Gadget Shoppe.
 21795 | D:10     | Entered Level 10 of the Dungeon
 22114 | D:10     | Offered knowledge of Bolt of Cold by Vehumet.
 22118 | D:10     | Found a staircase to the Orcish Mines.
 22895 | D:10     | Got a transparent mace
 23059 | Orc      | Entered the Orcish Mines
 23393 | Orc      | Found Puig's General Store.
 23435 | Orc      | Noticed Donald
 23439 | Orc      | Killed Donald
 23622 | Orc      | Reached skill level 17 in Spellcasting
 23796 | Orc      | Found Zoinnig's Magic Scroll Shoppe.
 23796 | Orc      | Found Viloschi's Jewellery Shop.
 23798 | Orc      | Found Noyblamy's Gadget Boutique.
 23800 | Orc      | Found Keizu's Weapon Emporium.
 23810 | Orc      | Bought a scroll of acquirement for 572 gold pieces
 23812 | Orc      | Identified the amulet "Lilos" {Reflect rElec Str-3 Int+3
                  | SH+4 SInv} (You acquired it in the Orcish Mines)
 23812 | Orc      | Identified the Catalogue of Captivating Shape Shifting (You
                  | acquired it in the Orcish Mines)
 23927 | Orc      | Noticed Erica
 23932 | Orc      | Killed Erica
 23976 | Orc      | Found a viscous altar of Jiyva.
 23976 | Orc      | Found a staircase to the Slime Pits.
 24431 | Orc      | Bought a +7 ring of intelligence for 696 gold pieces
 24523 | D:11     | Reached XP level 15. HP: 139/139 MP: 38/43
 24940 | D:11     | Offered knowledge of Bolt of Fire by Vehumet.
 24984 | D:11     | Learned a level 6 spell: Bolt of Fire
 25176 | D:11     | Reached skill level 1 in Fire Magic
 25681 | D:11     | Found a gate to the Vaults.
 25965 | D:11     | Found a portal to a secret trove of treasure.
 26050 | D:12     | Entered Level 12 of the Dungeon
 26050 | D:12     | Found a shadowy altar of Dithmenos.
 26446 | D:12     | Identified the +1 chain mail of Ruahuag {Str+3 Int+4}
 26626 | D:12     | Reached skill level 15 in Fighting
 27026 | D:12     | Found Lefuntol's Antique Armour Shoppe.
 27036 | D:12     | Bought a pair of embroidered gloves for 217 gold pieces
 27301 | D:12     | Found a staircase to the Depths.
 27638 | Lair:1   | Identified the +4 war axe "Doufuh" {freeze, *Noise Int+7
                  | Dex+4} (You found it on level 4 of the Dungeon)
 27639 | Lair:1   | Identified the +0 mace of Doubt {flame, SInv} (You found it
                  | on level 10 of the Dungeon)
 27742 | Lair:1   | Got a translucent bronze ring
 27818 | Lair:2   | Found a hole to the Spider Nest.
 28068 | Spider:1 | Entered Level 1 of the Spider Nest
 28070 | Spider:1 | Offered knowledge of Iron Shot by Vehumet.
 28081 | Spider:1 | Learned a level 6 spell: Iron Shot
 28109 | Spider:1 | Reached skill level 1 in Earth Magic
 28992 | Spider:2 | Reached skill level 18 in Spellcasting
 29332 | Spider:2 | Reached XP level 16. HP: 149/149 MP: 39/45
 29382 | Spider:2 | Identified the +10 eveningstar of Zualud {crush, rC+ rN+
                  | Dex+2 SInv} (You acquired it on level 2 of the Spider Nest)
 29382 | Spider:2 | Identified the Incunabulum of the Harmful Glacier (You
                  | acquired it on level 2 of the Spider Nest)
 29403 | Spider:2 | Identified the cursed ring "Oseokles" {rF+ Str+4 SInv
                  | Stlth--} (You found it on level 1 of the Lair of Beasts)
 29431 | Spider:2 | Offered knowledge of Mana Rupture by Vehumet.
 30569 | Spider:3 | Entered Level 3 of the Spider Nest
 30595 | Spider:3 | Reached skill level 10 in Air Magic
 30668 | Spider:3 | Reached skill level 1 in Armour
 31020 | Spider:3 | Noticed Bai Suzhen
 31033 | Spider:3 | Killed Bai Suzhen
 31185 | Spider:3 | Noticed Arachne
 31211 | Spider:3 | Killed Arachne
 31817 | Spider:3 | Offered knowledge of Orb of Destruction by Vehumet.
 32018 | Spider:3 | Got a gossamer rune of Zot
 32322 | Spider:3 | Identified the +2 leather armour of Vanity {rPois}
 32467 | Lair:2   | Learned a level 7 spell: Orb of Destruction
 32537 | Shoals:1 | Entered Level 1 of the Shoals
 32633 | Shoals:1 | Found Yleucofe's Antique Weapon Emporium.
 32637 | Shoals:1 | Found Eton's Magic Scroll Shop.
 32808 | Shoals:1 | Reached XP level 17. HP: 158/158 MP: 36/47
 32845 | Shoals:1 | Reached skill level 19 in Spellcasting
 32932 | Shoals:1 | Noticed a kraken
 32935 | Shoals:1 | Killed a kraken
 33267 | Shoals:1 | Found Paisk's Book Shop.
 33413 | Shoals:1 | Identified the cursed +1 animal skin "Xuenosh" {rC+ Str-4
                  | Dex+4} (You found it on level 1 of the Shoals)
 33614 | Shoals:2 | Noticed finalsalamander's ghost (adept HOMo)
 33618 | Shoals:2 | Found a transporter.
 34158 | Shoals:2 | Found a transporter.
 34418 | Shoals:3 | Entered Level 3 of the Shoals
 34476 | Shoals:3 | Reached skill level 5 in Armour
 34517 | Shoals:3 | Got a barnacled rune of Zot
 35028 | Shoals:3 | Found Risch's Food Shop.
 35406 | Shoals:3 | Noticed a kraken
 35411 | Shoals:3 | Killed a kraken
 35623 | Shoals:3 | Reached ****** piety under Vehumet
 35625 | Shoals:3 | Offered knowledge of Lehudib's Crystal Spear by Vehumet.
 35625 | Shoals:3 | Offered knowledge of Glaciate by Vehumet.
 35625 | Shoals:3 | Offered knowledge of Tornado by Vehumet.
 35651 | Shoals:3 | Identified the amulet "Ritoiguy" {Inacc MP+9} (You found it
                  | on level 3 of the Shoals)
 36188 | Elf:1    | Entered Level 1 of the Elven Halls
 36301 | Elf:1    | Found a radiant altar of Vehumet.
 36480 | Elf:1    | Found a shimmering blue altar of Sif Muna.
 37710 | Elf:1    | Gained mutation: You can hurl hellfire. [Djinni growth]
 37710 | Elf:1    | Reached XP level 18. HP: 157/169 MP: 30/50
 38767 | Elf:2    | Reached skill level 20 in Spellcasting
 38898 | Elf:2    | Learned a level 8 spell: Chain Lightning
 39249 | Elf:2    | Found a runed gate.
 39250 | Elf:2    | Found a runed gate.
 39250 | Elf:2    | Found a runed gate.
 39753 | Elf:3    | Entered Level 3 of the Elven Halls
 40483 | Elf:3    | Identified the cursed ring of Prescription {*Contam rF-
                  | Str+6 SInv Stlth--}
 40687 | Elf:3    | Found the +3 crown of Dyrovepreva {rElec Int+2 SInv}
 40689 | Elf:3    | Identified the ring "Joven" {Ice rElec MR- Stlth+}
 40832 | Elf:3    | Identified the Collected Works on Fiery Earth
 40838 | Elf:3    | Identified the Guide on Helpful Calling
 40840 | Elf:3    | Identified Qalu's Collected Works on the Rocks
 40862 | Elf:3    | Identified the cursed amulet of Syjeseev {Inacc *Corrode
                  | rElec MP+9}
 41407 | Elf:3    | Found Oteck's Weapon Shop.
 42178 | Depths:1 | Entered Level 1 of the Depths
 42262 | Depths:1 | Reached skill level 21 in Spellcasting
 42262 | Depths:1 | Reached XP level 19. HP: 179/179 MP: 52/52
 42299 | Depths:1 | Noticed a rockslime
 42309 | Depths:1 | Killed a rockslime
 42335 | Depths:1 | Found a one-way gate leading to the halls of Pandemonium.
 42532 | Depths:1 | Shot with a bolt by a yaktaur captain

Skill      XL: |  1  2  3  4  5  6  7  8  9 10 11 12 13 14 15 16 17 18 |
---------------+-------------------------------------------------------+-----
Fighting       | 1 2 3 4 5 7 9 11 12 13 14 15 16 17 18 | 18.3
Stealth        | 2 |  2.3
Spellcasting   | 4 5 6 7 9 11 13 14 15 17 18 19 21 | 21.2
Conjurations   | 5 6 7 8 10 11 12 13 14 | 14.4
Dodging        | 3 4 5 7 8 9 10 12 13 | 13.3
Transmutations | 1 2 3 4 |  4.0
Air Magic      | 1 6 8 9 11 12 14 | 14.5
Poison Magic   | 4 7 8 |  8.0
Fire Magic     | 4 |  4.2
Earth Magic    | 2 4 |  4.0
Armour         | 4 6 8 |  8.0

Action                   |  1- 3 |  4- 6 |  7- 9 | 10-12 | 13-15 | 16-18 | 19-21 || total
-------------------------+-------+-------+-------+-------+-------+-------+-------++-------
Melee: Mace              |       |     2 |    13 |     8 |     1 |       |       ||    24
       Staff             |       |       |       |       |     3 |       |       ||     3
       War axe           |       |       |       |       |       |     1 |       ||     1
 Cast: Magic Dart        |    52 |     9 |    12 |     3 |     2 |     2 |       ||    80
       Searing Ray       |     5 |    20 |    38 |    13 |    10 |     1 |       ||    87
       Iskenderun's Myst |       |       |    54 |   194 |   300 |       |       ||   548
       Irradiate         |       |       |     3 |    11 |    16 |     8 |       ||    38
       Conjure Ball Ligh |       |       |       |     6 |     8 |    27 |     1 ||    42
       Fulminant Prism   |       |       |       |       |    14 |       |       ||    14
       Poison Arrow      |       |       |       |       |   213 |   293 |    26 ||   532
       Ignite Poison     |       |       |       |       |    43 |    47 |       ||    90
       Olgreb's Toxic Ra |       |       |       |       |    24 |    21 |     1 ||    46
       Iron Shot         |       |       |       |       |    14 |    20 |       ||    34
       Orb of Destructio |       |       |       |       |       |    13 |     4 ||    17
       Bolt of Fire      |       |       |       |       |       |     3 |       ||     3
       Chain Lightning   |       |       |       |       |       |    65 |     2 ||    67
 Abil: Blink             |       |       |     3 |       |       |       |       ||     3
Evoke: Wand              |       |       |     2 |     2 |     2 |     1 |       ||     7
  Use: Scroll            |       |     5 |     6 |     6 |    17 |     8 |     1 ||    43
       Potion            |       |       |     6 |       |     4 |     2 |     7 ||    19
 Stab: Sleeping          |       |     1 |       |       |       |       |       ||     1
       Distracted        |       |       |       |       |     1 |       |       ||     1
  Eat: Chunk             |     4 |     7 |    14 |    23 |    42 |    39 |     1 ||   130
       Ration            |       |       |     3 |     1 |     5 |     6 |       ||    15
Armor: Robe              |     3 |     2 |    10 |     3 |       |     5 |       ||    23
       Troll leather arm |       |       |       |     8 |    35 |    15 |     1 ||    59
Dodge: Dodged            |     6 |    13 |    65 |    50 |   167 |    70 |    12 ||   383
Block: Other             |       |       |       |       |    18 |    18 |     2 ||    38
       Reflection        |       |       |       |       |     2 |     5 |     2 ||     9
